 Dungeon Crawl Stone Soup version 0.28.0-45-g0d030f2227 (webtiles) character file.

Game seed: 16596420473566681712

18215 croobank the Arsonist (level 12, 0/101 HPs)
             Began as a Pale Draconian Fire Elementalist on Apr 4, 2022.
             Was an Initiate of Gozag.
             Slain by a five-headed hydra (9 damage)
             ... on level 3 of the Lair of Beasts.
             The game lasted 00:51:01 (15453 turns).

croobank the Arsonist (DrFE)                       Turns: 15453, Time: 00:51:01

Health: 0/101      AC: 12    Str: 13    XL:     12   Next: 25%
Magic:  14/31      EV: 15    Int: 19    God:    Gozag
Gold:   1224       SH:  8    Dex: 16    Spells: 8/25 levels left

rFire   . . .      SeeInvis .   n - +5 hand axe (flame)
rCold   + . .      Faith    .   i - +0 buckler
rNeg    . . .      Spirit   .   (armour unavailable)
rPois   .          Reflect  +   (helmet restricted)
rElec   .          Harm     .   d - +1 cloak
rCorr   .          Rampage  .   N - +1 pair of gloves
Will    +....                   (no boots)
Stlth   ++++......              z - amulet of reflection
HPRegen 0.26/turn               s - ring of magical power
MPRegen 0.22/turn               m - ring "Edese" {rC+ Will+ Dex+5}

@: gold aura
A: breathe steam, AC +8, unfitting armour, cold-blooded, steam resistance
a: Breathe Steam, Renounce Religion, Potion Petition, Call Merchant, Bribe
Branch


You were on level 3 of the Lair of Beasts.
You worshipped Gozag.
Gozag was most pleased with you.
You visited 3 branches of the dungeon, and saw 13 of its levels.
You also visited: Sewer.

You collected 1920 gold pieces.
You spent 617 gold pieces at shops.
You paid 79 gold pieces to Gozag.

Inventory:

Hand Weapons
 b - a +0 spear
 c - a +3 quarterstaff of chaos
 n - a +5 hand axe of flaming (weapon)
 o - a +3 battleaxe of flaming
 r - a +2 short sword of holy wrath
 v - a +1 glaive of venom
Missiles
 a - 278 stones
 f - 63 bolts
 h - 66 sling bullets
 p - 128 arrows
 t - 8 poisoned darts
 E - 2 boomerangs
Armour
 d - a +1 cloak (worn)
 i - a +0 buckler (worn)
 N - a +1 pair of gloves (worn)
Jewellery
 m - the ring "Edese" (right hand) {rC+ Will+ Dex+5}
   (You bought it in a shop on level 7 of the Dungeon)

   [ring of protection from cold]

   Dex:       It affects your dexterity (+5).
   rC:        It protects you from cold.
   Will:      It increases your willpower.
 s - a ring of magical power (left hand)
 z - an amulet of reflection (around neck)
 C - a ring of see invisible
 H - a +4 ring of evasion
Wands
 e - a wand of polymorph (5)
 A - a wand of mindburst (16)
Scrolls
 k - 4 scrolls of immolation
 l - a scroll of teleportation
 u - a scroll of holy word
 J - 2 scrolls of amnesia
 M - a scroll of enchant armour
Potions
 g - a potion of degeneration
 j - a potion of brilliance
 q - 2 potions of flight
 w - 5 potions of lignification
 x - 3 potions of curing
 B - a potion of resistance {unknown}
 D - 2 potions of ambrosia
 G - 2 potions of mutation {unknown}
 I - 2 potions of attraction {unknown}
 K - a potion of berserk rage
 L - a potion of magic {unknown}


   Skills:
 + Level 7.9 Fighting
 + Level 4.4 Axes
 + Level 7.0 Dodging
 + Level 7.7 Stealth
 + Level 7.2 Spellcasting
 + Level 7.5 Conjurations
 * Level 8.1 Summonings
 + Level 8.9 Fire Magic


You had 8 spell levels left.
You knew the following spells:

 Your Spells              Type           Power      Damage    Failure   Level
a - Foxfire               Conj/Fire      100%       2x1d9     1%          1
b - Scorch                Fire           80%        2d9       1%          2
c - Flame Wave            Conj/Fire      38%        2d9       4%          4
d - Stone Arrow           Conj/Erth      42%        3d9       9%          3
e - Spellforged Servitor  Conj/Summ      18%        N/A       99%         7

Your spell library contained the following spells:

 Spells                   Type           Power      Damage    Failure   Level
 Conjure Flame            Conj/Fire      38%        6-21      1%          3
 Inner Flame              Hex/Fire       23%        N/A       6%          3
 Summon Guardian Golem    Hex/Summ       22%        N/A       8%          3
 Passage of Golubria      Tloc           6%         N/A       80%         4
 Silence                  Hex/Air        3%         N/A       98%         5
 Orb of Destruction       Conj           17%        9d7       99%         7
 Lehudib's Crystal Spear  Conj/Erth      10%        10d4      100%        8
 Animate Armour           Summ/Erth      Unusable   N/A       N/A         4

Dungeon Overview and Level Annotations

Branches:
Dungeon (9/15)             Temple (1/1) D:6            Lair (3/6) D:8
 Shoals (0/4) Lair:2        Sewer (visited)
  Snake: Lair:2-4    Spider: Lair:2-4       Orc: D:9-12

Altars:
Ashenzari
Cheibriados
Dithmenos
Gozag
Kikubaaqudgha
Okawaru
Qazlal
Ru
Trog
Uskayaw
Wu Jian
Xom
Zin
The Shining One

Shops:
D:1 *   D:2 (   D:7 !=*[*


Innate Abilities, Weirdness & Mutations

You can breathe blasts of scalding, opaque steam.
Your pale cyan-grey scales are hard. (AC +8)
You cannot fit into any form of body armour.
You are cold-blooded and may be slowed by cold attacks.
You are immune to the effects of steam.


Message History

The flame wave engulfs the five-headed hydra!
The five-headed hydra is severely wounded.
The flame wave engulfs the yak!
The yak is almost dead.
You finish channelling waves of flame.
You block the five-headed hydra's attack.
The five-headed hydra bites you.
The five-headed hydra barely misses you.
The five-headed hydra bites you!
* * * LOW HITPOINT WARNING * * *
The five-headed hydra bites you but does no damage.
You block the yak's attack.
Unknown command.
Casting: Flame Wave (dangerous; 4% risk of failure)
Confirm with . or Enter, or press ? or * to list all spells.
Casting: Flame Wave (dangerous; 4% risk of failure)
Press: ? - help, Dir - look around, f - activate A wave of flame ripples out!
The flame wave engulfs the five-headed hydra!
The five-headed hydra is almost dead.
The flame wave engulfs the yak!
You kill the yak! (Press . to intensify the flame waves.)
The five-headed hydra closely misses you.
You block the five-headed hydra's attack.
The five-headed hydra bites you.
* * * LOW HITPOINT WARNING * * *
The five-headed hydra bites you but does no damage.
You block the five-headed hydra's attack.
Casting: Flame Wave (dangerous; 4% risk of failure)
Confirm with . or Enter, or press ? or * to list all spells.
Flames lash the five-headed hydra.
The five-headed hydra is almost dead.
The five-headed hydra's fire resistance burns away.
You block the five-headed hydra's attack.
The five-headed hydra bites you!
* * * LOW HITPOINT WARNING * * *
The five-headed hydra bites you!
You die...
Your body crumbles into a pile of gold.

................#
..............#.#
##...................###
P......................#
.......................#
.......................#### ####
..................#.......##...##
.......>.....#.D$...............#
..............#.@$...............
..................#..............
..<...............#..............
..#..........#...#...............
......#......#...#...............
....8...#.......#................
........##.#....#.......#........
...##..........#....#............
...###........##...#.............


You could see a five-headed hydra (combustible).

Vanquished Creatures
  Gastronok (Lair:2)
  4 hydras
  4 elephants
  A torpor snail (Lair:3)
  3 cane toads
  3 komodo dragons
  2 rime drakes (Lair:3)
  A polar bear (Lair:2)
  Prince Ribbit (D:6)
  9 blink frogs
  18 yaks
  2 wyverns (Lair:3)
  Grum (Lair:2)
  Eustachio (D:5)
  2 basilisks (Lair:3)
  Menkaure (D:6)
  9 water moccasins
  A sky beast (D:7)
  5 ice beasts
  3 black bears (D:8)
  2 ogres
  An orc warrior (D:8)
  7 wolves
  2 centaurs (D:7)
  A phantom (D:5)
  Blork the orc (D:6)
  13 bullfrogs
  A wyvern zombie (D:7)
  2 water moccasin zombies
  A scorpion (D:8)
  6 killer bees (D:8)
  A wight (D:8)
  2 howler monkeys (D:8)
  A centaur zombie (D:6)
  A bullfrog zombie (D:5)
  A wyvern simulacrum (D:8)
  6 orc priests
  2 hounds (D:5)
  A gnoll shaman (D:3)
  Crazy Yiuf (D:2)
  Ijyb (D:3)
  Terence (D:2)
  3 iguanas
  6 orc wizards
  2 centaur simulacra (D:8)
  16 adders
  3 gnolls
  3 white imps (D:8)
  An adder skeleton (D:4)
  3 worms
  2 dart slugs
  23 orcs
  13 ball pythons
  5 bats
  12 endoplasms
  11 giant cockroaches
  11 goblins
  4 hobgoblins
  3 jackals (D:4)
  5 quokkas
  9 frilled lizards
  9 kobolds
  5 rats
276 creatures vanquished.

Vanquished Creatures (collateral kills)
  4 foxfires (D:8)
4 creatures vanquished.

Vanquished Creatures (others)
  404 foxfires
  51 fungi
  54 plants
509 creatures vanquished.

Grand Total: 789 creatures vanquished

Notes
Turn   | Place    | Note
-------+----------+-------------------------------------------
     0 | D:1      | croobank the Draconian Fire Elementalist began the quest
                  | for the Orb.
     0 | D:1      | Reached XP level 1. HP: 14/14 MP: 3/3
   297 | D:1      | Reached XP level 2. HP: 11/20 MP: 1/5
   612 | D:1      | Learned a level 2 spell: Scorch
   695 | D:1      | Found Mecih's Assorted Antiques.
  1050 | D:2      | Reached XP level 3. HP: 26/26 MP: 1/6
  1134 | D:2      | Found a faded altar of an unknown god.
  1336 | D:2      | Noticed Terence
  1343 | D:2      | Killed Terence
  1344 | D:2      | Reached XP level 4. HP: 33/33 MP: 1/7
  1422 | D:2      | Found Tolov's Weapon Shoppe.
  2249 | D:2      | Found a runed translucent door.
  2250 | D:2      | Noticed Crazy Yiuf
  2263 | D:2      | Killed Crazy Yiuf
  2572 | D:3      | Noticed Ijyb
  2627 | D:3      | Killed Ijyb
  2628 | D:3      | Reached XP level 5. HP: 39/39 MP: 6/9
  2933 | D:3      | Reached skill level 1 in Fighting
  2989 | D:3      | Found a hide-covered altar of Uskayaw.
  2990 | D:3      | Noticed a +0 dagger
  2992 | D:3      | Noticed a +0 dagger
  3405 | D:3      | Found a glowing golden altar of the Shining One.
  3840 | D:3      | Learned a level 4 spell: Flame Wave
  4016 | D:4      | Reached XP level 6. HP: 33/47 MP: 10/10
  4112 | D:4      | Found a glowing drain.
  4158 | Sewer    | Entered a sewer
  4777 | D:4      | Your scales start taking on a pale cyan-grey colour.
  4777 | D:4      | Reached XP level 7. HP: 56/56 MP: 9/12
  4777 | D:4      | Gained mutation: You are immune to the effects of steam.
                  | [Pale Draconian growth]
  5196 | D:4      | Learned a level 3 spell: Stone Arrow
  5262 | D:4      | Found a bloodstained altar of Trog.
  5262 | D:4      | Found a stormy altar of Qazlal.
  5731 | D:5      | Entered Level 5 of the Dungeon
  5882 | D:5      | Reached skill level 5 in Fire Magic
  6054 | D:5      | Identified the +6 leather armour of the Armoured One
                  | {rElec}
  6197 | D:5      | Noticed Eustachio
  6202 | D:5      | Killed Eustachio
  6209 | D:5      | Reached XP level 8. HP: 63/63 MP: 14/14
  6502 | D:6      | Noticed Menkaure
  6511 | D:6      | Killed Menkaure
  6951 | D:6      | Found a staircase to the Ecumenical Temple.
  6956 | D:6      | Noticed Blork the orc
  6962 | D:6      | Killed Blork the orc
  6995 | Temple   | Entered the Ecumenical Temple
  7005 | Temple   | Became a worshipper of Gozag Ym Sagoz the Greedy
  7027 | D:6      | Noticed Prince Ribbit
  7034 | D:6      | Killed Prince Ribbit
  7391 | D:6      | Reached skill level 5 in Stealth
  7848 | D:7      | Found Tenuecu's Antique Armour Shoppe.
  7850 | D:7      | Found Caqecs's Jewellery Shoppe.
  7850 | D:7      | Found Feuvysuo's General Store.
  7852 | D:7      | Found Ziuta's Distillery.
  7864 | D:7      | Bought a potion of might for 40 gold pieces
  7912 | D:7      | Reached XP level 9. HP: 72/72 MP: 16/16
  7922 | D:7      | Learned a level 7 spell: Spellforged Servitor
  7994 | D:7      | Reached skill level 5 in Conjurations
  8011 | D:7      | Reached skill level 1 in Summonings
  8186 | D:7      | Noticed an angel
  8190 | D:7      | Found Nopiser's Hallowed Reliquary.
  8215 | D:7      | Reached skill level 5 in Spellcasting
  8446 | D:7      | Reached skill level 5 in Fighting
  8860 | D:8      | Reached skill level 5 in Dodging
  9392 | D:8      | Found a staircase to the Lair.
  9421 | D:8      | Reached XP level 10. HP: 82/83 MP: 13/18
 10495 | D:7      | Bought the ring "Edese" {rC+ Will+ Dex+5} for 577 gold
                  | pieces
 10548 | Lair:1   | Entered Level 1 of the Lair of Beasts
 10568 | Lair:1   | Noticed a five-headed hydra
 10583 | Lair:1   | Killed a two-headed hydra
 10584 | Lair:1   | Reached skill level 1 in Axes
 10695 | Lair:1   | Noticed Grum
 10739 | Lair:1   | Reached skill level 5 in Summonings
 11816 | Lair:2   | Killed Grum
 11817 | Lair:2   | Reached XP level 11. HP: 87/91 MP: 18/20
 12083 | Lair:2   | Noticed a five-headed hydra
 12091 | Lair:2   | Killed a five-headed hydra
 12697 | Lair:2   | Found a staircase to the Shoals.
 12812 | Lair:2   | Noticed Gastronok
 12827 | Lair:2   | Killed Gastronok
 14967 | Lair:3   | Noticed a seven-headed hydra
 14975 | Lair:3   | Killed a seven-headed hydra
 14976 | Lair:3   | Reached XP level 12. HP: 100/100 MP: 22/22
 15019 | Lair:3   | Noticed a seven-headed hydra
 15212 | Lair:3   | Killed a seven-headed hydra
 15400 | Lair:3   | Noticed a five-headed hydra
 15453 | Lair:3   | Slain by a five-headed hydra

Illustrated notes

Levels and vault maps discovered:
D:1:      lightli_arrival_lavapool, layout_rooms, serial_shops, shop_fountains
D:2:      layout_loops_ring, hellmonk_ecumenical_altar_blasted, serial_shops,
          nicolae_shop_bloodbath_and_beyond, minmay_misc_feat_alley,
          uniq_crazy_yiuf_cottage, uniq_terence
D:3:      kennysheep_the_goblin_king, layout_basic, dancing_weapons_uskayaw,
          mainiacjoe_overflow_24_doors, saegor_snake_ambush
D:4:      layout_gridville, grunt_temple_overflow_open, gup_sewer_entry_glass
D:5:      layout_loops_cross, uniq_eustachio
D:6:      layout_gridville, temple_pool_b, minivault_19,
          hangedman_decor_opposing, chequers_serial_rivers_micro_a,
          moated_statue, uniq_blork_the_orc, uniq_menkaure, uniq_prince_ribbit1
D:7:      layout_loops_ring, nicolae_sextant, minmay_shop_grid_forest,
          nicolae_good_shop
D:8:      layout_gridville, due_lair_maze_entry_diamond, serial_ice,
          serial_ice_b, serial_ice_e, serial_ice_a, serial_ice_d, serial_ice_g
D:9:      minmay_the_grid_triangle_9x9_rhombus_full
          [minmay_the_grid_triangle_9x9_sprig,
          minmay_the_grid_triangle_9x9_shrine,
          minmay_the_grid_triangle_9x9_cache,
          minmay_the_grid_triangle_9x9_dagger,
          minmay_the_grid_triangle_9x9_longest,
          minmay_the_grid_triangle_9x9_alien,
          minmay_the_grid_triangle_9x9_swiss_cheese,
          minmay_the_grid_triangle_9x9_prize_schism], layout_cave_pods,
          ebering_ghost_xom, minmay_strange_pillars, hex_tiny,
          nicolae_blasting_shop
Temple:   eino_narrow_crystal_temple
Lair:1:   layout_gridlike, minmay_holes, uniq_grum
Lair:2:   layout_concentric_octagons, elwin_shoals_entry_rocks,
          grunt_megastairs_2, uniq_gastronok
Lair:3:   layout_hall_layers, grunt_megastairs_4

Skill      XL: |  1  2  3  4  5  6  7  8  9 10 11 12 |
---------------+-------------------------------------+-----
Stealth        | 2 3 4 5 6 7 |  7.7
Dodging        | 2 3 4 5 6 7 |  7.0
Conjurations   | 2 3 4 5 6 7 |  7.5
Fighting       | 1 2 3 4 5 6 7 |  7.9
Spellcasting   | 3 4 5 6 7 |  7.2
Fire Magic     | 4 5 6 7 8 |  8.9
Summonings     | 3 5 7 8 |  8.1
Axes           | 2 4 |  4.4

Action                   |  1- 3 |  4- 6 |  7- 9 | 10-12 || total
-------------------------+-------+-------+-------+-------++-------
Melee: Spear             |    14 |       |       |       ||    14
       Unarmed           |     1 |    20 |       |       ||    21
       Tailslap          |     1 |     7 |     7 |    14 ||    29
       Quarterstaff      |       |    30 |     1 |       ||    31
       Hand axe          |       |     6 |     7 |    64 ||    77
       Short sword       |       |       |    54 |       ||    54
       Punch             |       |       |     2 |     1 ||     3
 Cast: Foxfire           |    37 |    62 |    66 |    70 ||   235
       Scorch            |     7 |    30 |    88 |   160 ||   285
       Flame Wave        |       |       |     6 |    20 ||    26
       Stone Arrow       |       |       |       |     1 ||     1
 Abil: Breathe Steam     |       |       |     9 |    26 ||    35
  Use: Potion            |       |     9 |     4 |     2 ||    15
       Scroll            |       |     1 |     1 |    15 ||    17
 Stab: Paralysed         |       |     1 |       |       ||     1
       Sleeping          |       |       |     2 |       ||     2
Armor: Skin              |     8 |    24 |    31 |    80 ||   143
Dodge: Dodged            |    20 |    51 |    77 |   200 ||   348
Block: Other             |       |       |    28 |    22 ||    50
       Buckler           |       |       |       |    91 ||    91
       Reflection        |       |       |       |     1 ||     1
